 Dungeon Crawl Stone Soup version 0.26-b1-45-g23770d1d51 (webtiles) character file.

Game seed: 3157490523890666791

10913 raceaflais the Cleaver (level 11, -16/97 HPs)
             Began as a Minotaur Fighter on Jan 6, 2021.
             Was an Initiate of Trog.
             Demolished by a boulder beetle (45 damage)
             ... on level 10 of the Dungeon.
             The game lasted 00:32:34 (11479 turns).

raceaflais the Cleaver (Minotaur Fighter)          Turns: 11479, Time: 00:32:35

Health: -16/97     AC: 20    Str: 28    XL:     11   Next: 42%
Magic:  10/10      EV: 10    Int: 11    God:    Trog [......]
Gold:   767        SH:  0    Dex:  9    Spells: 10/10 levels left

rFire    . . .     SeeInvis .   y - +9 war axe
rCold    . . .     Faith    .   (no shield)
rNeg     . . .     Spirit   .   U - +3 chain mail {rPois}
rPois    +         Reflect  .   (helmet restricted)
rElec    .         Harm     .   n - +0 cloak
rCorr    .         Rampage  .   (no gloves)
Will     .....     Clarity  +   Q - +1 pair of boots "Umulokeo" {Str+3}
Stlth    ..........             S - amulet of regeneration
HPRegen  0.66/turn              o - +6 ring of intelligence
MPRegen  0.12/turn              L - ring of flight

@: no status effects
A: retaliatory headbutt, horns 2, molten scales 1, clarity, MP-powered wands
a: Renounce Religion, Evoke Flight


You were on level 10 of the Dungeon.
You worshipped Trog.
Trog was noncommittal.
You visited 2 branches of the dungeon, and saw 11 of its levels.
You also visited: Sewer and Ossuary.

You collected 1015 gold pieces.
You paid 248 gold pieces to Gozag.

Inventory:

Hand Weapons
 d - a +1 arbalest
 y - a +9 war axe (weapon)
 O - the +7 great sword of Otycemor {vorpal, +Rage rElec rC-}
   (You found it on level 10 of the Dungeon)

   It inflicts extra damage upon your enemies.
   It makes you vulnerable to cold.
   It insulates you from electricity.
   It lets you go berserk.
 R - a +2 great mace of draining
Missiles
 a - 56 sling bullets
 b - 2 throwing nets
 k - 385 stones (quivered)
 p - 40 bolts
 r - 153 arrows
 w - 59 poisoned darts
 H - 2 atropa-tipped darts
 J - 5 boomerangs
 K - 5 javelins
Armour
 c - a +2 kite shield
 n - a +0 cloak (worn)
 Q - the +1 pair of boots "Umulokeo" (worn) {Str+3}
   (You found it on level 10 of the Dungeon)

   It affects your strength (+3).
 U - a +3 chain mail of poison resistance (worn)
Magical Staves
 T - an uncursed staff of fire
Jewellery
 e - a +6 ring of intelligence
 f - an uncursed ring of willpower
 h - a +6 ring of intelligence
 o - a +6 ring of intelligence (left hand)
 s - an uncursed ring of willpower
 t - an uncursed amulet of guardian spirit
 L - a ring of flight (right hand)
 M - an uncursed amulet of the acrobat
 S - an amulet of regeneration (around neck)
Wands
 u - a wand of paralysis (6)
 x - a wand of digging (6)
 F - a wand of polymorph (5)
Scrolls
 j - 3 scrolls of remove curse
 q - a scroll of immolation
 B - 4 scrolls of teleportation
 C - a scroll of torment {unknown}
 E - a scroll of blinking
 G - 3 scrolls of noise
Miscellaneous
 g - a phantom mirror
 P - a tin of tremorstones (2/2)


   Skills:
 + Level 9.1 Fighting
 + Level 13.2 Axes
 + Level 10.2 Armour
 + Level 3.2 Dodging
 + Level 2.0 Stealth
 + Level 10.9 Shields


You had 10 spell levels left.
You didn't know any spells.
Your spell library was empty.

Dungeon Overview and Level Annotations

Branches:
Dungeon (10/15)            Temple (1/1) D:4           Sewer (visited)
Ossuary (visited)
   Lair: D:8-11         Orc: D:9-12

Altars:
Ashenzari
Cheibriados
Dithmenos
Elyvilon
Fedhas
Gozag
Hepliaklqana
Kikubaaqudgha
Makhleb
Nemelex Xobeh
Okawaru
Qazlal
Ru
Sif Muna
Trog
Uskayaw
Vehumet
Wu Jian
Xom
Yredelemnul
Zin
The Shining One


Innate Abilities, Weirdness & Mutations

You reflexively headbutt those who attack you in melee.
You have a pair of horns on your head.
You are partially covered in molten scales. (AC +2)
You possess an exceptional clarity of mind.
You expend magic power (3 MP) to strengthen your wands.


Message History

The boulder beetle is severely wounded.
The boulder beetle bites you but does no damage.
You slash the boulder beetle!
The boulder beetle is almost dead.
The boulder beetle leaps!
You feel much better.
The boulder beetle curls into a ball and begins rolling!
The boulder beetle hits you!!
* * * LOW HITPOINT WARNING * * *
The boulder beetle stops rolling and uncurls.
You hit the boulder beetle but do no damage.
The boulder beetle is almost dead.
The boulder beetle leaps!
You are too injured to fight recklessly!
The boulder beetle curls into a ball and begins rolling!
You hit the boulder beetle.
You headbutt the boulder beetle, but do no damage.
The boulder beetle is almost dead.
The boulder beetle hits you!!!
You die...

#......#.........#
###......#........##
##.+......#>.†.....#
##..######'#)......##
#..............<...#
#.................##
#.................#
#................##
#....@.........####
#....B.......###..# #
#....°.....###....# #.
#........###.#.#.###.#
#+##......####.#.#.#.#.##
..$.....##...........#.#.
..........####.#.#.#...##
..........).###.#.#.#.#.#
.........)....###.....##.


You could see a boulder beetle.

Vanquished Creatures
  Harold (D:9)
  Erica (D:8)
  A two-headed ogre (D:9)
  A wizard (D:9)
  A flayed ghost (D:10)
  Pikel (D:4)
  A harpy (D:10)
  3 trolls
  5 large abominations (D:9)
  3 wyverns
  An acid dragon (D:8)
  A water moccasin (D:9)
  A black bear (D:9)
  3 sky beasts
  3 orc warriors
  2 phantoms
  A necrophage (D:8)
  5 centaurs
  3 ogres
  A lemure (D:4)
  A bullfrog (D:7)
  A gnoll sergeant (D:9)
  2 scorpions
  A water moccasin skeleton (D:5)
  6 killer bees (D:8)
  5 wights (D:7)
  2 howler monkeys
  A quasit (D:9)
  6 hounds
  A human zombie (Ossuary)
  3 orc priests
  3 jellies
  2 bullfrog skeletons
  A centaur skeleton (D:6)
  3 iguanas
  7 orc wizards
  2 worker ants
  A big kobold zombie (Ossuary)
  7 small abominations (D:9)
  2 hound zombies (Ossuary)
  2 hound skeletons
  4 mummies (Ossuary)
  A worker ant zombie (D:9)
  9 gnolls
  13 adders
  3 white imps
  3 ufetubi
  An ooze (D:1)
  2 adder skeletons
  3 adder zombies (Ossuary)
  4 worms
  5 dart slugs
  6 leopard geckos
  15 orcs
  6 ball pythons
  8 giant cockroaches
  6 goblins
  7 hobgoblins
  13 jackals
  4 kobolds (D:1)
  4 quokkas
  11 bats
  9 frilled lizards
  2 gnoll zombies (Ossuary)
  3 goblin zombies
  A quokka zombie (D:8)
  6 rats
  A rat zombie (Ossuary)
248 creatures vanquished.

Vanquished Creatures (others)
  A jackal (D:4)
1 creature vanquished.

Grand Total: 249 creatures vanquished

Notes
Turn   | Place    | Note
-------+----------+-------------------------------------------
     0 | D:1      | raceaflais the Minotaur Fighter began the quest for the
                  | Orb.
     0 | D:1      | Reached XP level 1. HP: 19/19 MP: 0/0
   133 | D:1      | Reached XP level 2. HP: 26/27 MP: 1/1
   735 | D:1      | Reached skill level 3 in Axes
   746 | D:1      | Reached XP level 3. HP: 33/33 MP: 2/2
  1217 | D:2      | Reached XP level 4. HP: 26/40 MP: 3/3
  1851 | D:3      | Reached skill level 1 in Dodging
  1882 | D:3      | Found a snail-covered altar of Cheibriados.
  1957 | D:3      | Reached skill level 4 in Axes
  2321 | D:3      | Reached XP level 5. HP: 47/47 MP: 4/4
  2490 | D:4      | Found a sacrificial altar of Ru.
  2527 | D:4      | Noticed a lemure
  2527 | D:4      | Noticed a lemure
  2528 | D:4      | Noticed Pikel
  2528 | D:4      | Noticed a lemure
  2529 | D:4      | Noticed a lemure
  2537 | D:4      | Killed a lemure
  2555 | D:4      | Killed Pikel
  2556 | D:4      | Reached skill level 5 in Fighting
  2556 | D:4      | Reached skill level 6 in Axes
  2556 | D:4      | Reached skill level 5 in Armour
  2556 | D:4      | Reached skill level 5 in Shields
  2556 | D:4      | Reached XP level 6. HP: 42/56 MP: 2/5
  2556 | D:4      | Reached XP level 7. HP: 46/61 MP: 2/6
  2691 | D:4      | Found a staircase to the Ecumenical Temple.
  2763 | Temple   | Entered the Ecumenical Temple
  3112 | D:4      | Found a shimmering altar of Xom.
  3327 | D:5      | Entered Level 5 of the Dungeon
  3477 | D:5      | Found a glowing golden altar of the Shining One.
  3823 | D:5      | Reached skill level 7 in Axes
  4504 | D:6      | Reached XP level 8. HP: 66/70 MP: 7/7
  4803 | D:6      | Found a glowing drain.
  4846 | Sewer    | Entered a sewer
  5352 | D:6      | Found a shimmering blue altar of Sif Muna.
  5545 | D:7      | Reached skill level 8 in Axes
  5804 | D:7      | Found a glowing golden altar of the Shining One.
  5963 | D:7      | Reached skill level 9 in Axes
  6158 | D:8      | Noticed Erica
  6169 | D:8      | Killed Erica
  6170 | D:8      | Reached XP level 9. HP: 59/78 MP: 4/8
  6530 | D:8      | Reached skill level 10 in Axes
  6647 | D:8      | Found a sand-covered staircase.
  6672 | Ossuary  | Entered an ossuary
  7034 | D:8      | Gained mutation: You are partially covered in molten
                  | scales. (AC +2) [potion of mutation]
  7034 | D:8      | Gained mutation: You possess an exceptional clarity of
                  | mind. [potion of mutation]
  7034 | D:8      | Gained mutation: You expend magic power (3 MP) to
                  | strengthen your wands. [potion of mutation]
  7063 | D:8      | Reached skill level 1 in Stealth
  7968 | D:9      | Noticed a troll
  7999 | D:9      | Reached XP level 10. HP: 82/86 MP: 7/9
  8000 | D:9      | Noticed Harold
  8028 | D:9      | Killed Harold
  8029 | D:9      | Reached skill level 11 in Axes
  8046 | D:9      | Noticed a two-headed ogre
  8065 | D:9      | Killed a two-headed ogre
  8314 | D:9      | Noticed a wizard
  8324 | D:9      | Killed a wizard
  8362 | D:9      | Reached skill level 10 in Shields
  8376 | D:9      | Reached skill level 12 in Axes
  8801 | D:9      | Found an opulent altar of Gozag.
  8809 | D:9      | Became a worshipper of Gozag Ym Sagoz the Greedy
  8975 | D:9      | Found a bloodstained altar of Trog.
  8975 | D:9      | Found a hide-covered altar of Uskayaw.
  8980 | D:9      | Found an iron altar of Okawaru.
  8982 | D:9      | Found a faded altar of an unknown god.
  8984 | D:9      | Found a burning altar of Makhleb.
  9313 | D:9      | Noticed a large abomination
  9331 | D:9      | Noticed a large abomination
  9584 | D:9      | Killed a large abomination
  9608 | D:9      | Noticed a large abomination
  9711 | D:9      | Reached XP level 11. HP: 88/95 MP: 10/10
  9899 | D:9      | Noticed a large abomination
 10338 | D:9      | Killed a large abomination
 10673 | D:9      | Fell from the grace of Gozag
 10673 | D:9      | Became a worshipper of Trog the Wrathful
 10781 | D:10     | Entered Level 10 of the Dungeon
 11076 | D:10     | Reached skill level 10 in Armour
 11265 | D:10     | Reached skill level 13 in Axes
 11339 | D:10     | Noticed a harpy
 11341 | D:10     | Noticed a flayed ghost
 11345 | D:10     | Killed a harpy
 11349 | D:10     | Killed a flayed ghost
 11351 | D:10     | Got an ancient great sword
 11355 | D:10     | Got a pair of translucent boots
 11370 | D:10     | Identified the +1 pair of boots "Umulokeo" {Str+3} (You
                  | found it on level 10 of the Dungeon)
 11372 | D:10     | Identified the +7 great sword of Otycemor {vorpal, +Rage
                  | rElec rC-} (You found it on level 10 of the Dungeon)
 11456 | D:10     | Noticed a boulder beetle
 11479 | D:10     | Demolished by a boulder beetle

Illustrated notes

Levels and vault maps discovered:
D:1:      ncdulo_watergridlock, layout_loops_cross, serial_rivers,
          chequers_serial_rivers_marsh, chequers_serial_rivers_small_a,
          chequers_serial_rivers_small_a, chequers_serial_rivers_micro_d,
          chequers_serial_rivers_large_a
D:2:      layout_basic
D:3:      layout_basic, cheibriados_altar_1
D:4:      layout_rooms, lemuel_round_altar, minmay_temple_entry_antechambers,
          xom_confusion_cloud, uniq_pikel
D:5:      layout_basic, kennysheep_little_box
D:6:      layout_rooms, marbit_many_paths, cheibrodos_sewer_entry_drain
D:7:      layout_basic, tso_metal_star
D:8:      layout_loops_ring, enter_ossuary_4, uniq_erica
D:9:      layout_stronghold, chequers_temple_overflow_minitemple,
          nicolae_overflow_crystal_walls, laboratory, uniq_harold
D:10:     minmay_the_grid_four_pointed_star
          [minmay_the_grid_triangle_9x9_zippers_vertical,
          minmay_the_grid_triangle_9x9_stretched_checkered,
          minmay_the_grid_triangle_9x9_odd_lines,
          minmay_the_grid_triangle_9x9_thin_v,
          minmay_the_grid_prize_diamond_cup], layout_irregular_city,
          david_lair_generic, kennysheep_cluttered_room, roderic_roman_lattice,
          mrwooster_statue_mirror, nicolae_qazlal_style_of_elements
Temple:   chequers_temple_sunken

Skill      XL: |  1  2  3  4  5  6  7  8  9 10 11 |
---------------+----------------------------------+-----
Fighting       | 4 5 6 7 8 9 |  9.1
Armour         | 4 5 6 7 8 9 10 | 10.2
Shields        | 4 5 7 8 10 | 10.9
Axes           | 3 4 6 7 9 10 12 13 | 13.2
Dodging        | 1 2 3 |  3.2
Stealth        | 1 2 |  2.0

Action                   |  1- 3 |  4- 6 |  7- 9 | 10-12 || total
-------------------------+-------+-------+-------+-------++-------
Melee: War axe           |   102 |    72 |   371 |   246 ||   791
       Headbutt          |     4 |    15 |    46 |    42 ||   107
Throw: Stone             |       |       |       |     1 ||     1
  Use: Scroll            |     3 |     4 |     8 |    22 ||    37
       Potion            |       |     5 |    19 |     8 ||    32
 Stab: Invisible         |       |       |     6 |       ||     6
Armor: Scale mail        |    52 |    20 |    40 |       ||   112
       Plate armour      |       |       |   141 |    95 ||   236
       Chain mail        |       |       |       |     6 ||     6
Dodge: Dodged            |    27 |    20 |    87 |    62 ||   196
Block: Kite shield       |    59 |    38 |   255 |   159 ||   511
